 Dungeon Crawl Stone Soup version 0.29.1-15-g9cfb28693d (webtiles) character file.

Game seed: 10328996549277346301

191 Peloso the Covered (level 5, 0/47 HPs)
             Began as a Minotaur Fighter on Feb 25, 2023.
             Killed by nerve-wracking pain
             ... invoked by Grinder
              (6 damage)
             ... on level 4 of the Dungeon.
             The game lasted 00:04:38 (3333 turns).

Peloso the Covered (Minotaur Fighter)               Turns: 3333, Time: 00:04:38

Health: 0/47       AC:  7    Str: 21    XL:     5   Next: 41%
Magic:  4/4        EV:  9    Int:  5    God:
Gold:   225        SH:  5    Dex: 11    Spells: 4/4 levels left

rFire   . . .      SeeInvis .   a - +0 long sword
rCold   . . .      Faith    .   c - +0 buckler
rNeg    . . .      Spirit   .   b - +0 scale mail
rPois   .          Reflect  .   (helmet restricted)
rElec   .          Harm     .   (no cloak)
rCorr   .          Rampage  .   (no gloves)
Will    .....                   (no boots)
Stlth   ..........              (no amulet)
HPRegen 0.15/turn               (no ring)
MPRegen 0.09/turn               (no ring)

@: no status effects
A: horns 2, retaliatory headbutt
a: no special abilities


You were on level 4 of the Dungeon.
You visited 1 branch of the dungeon, and saw 4 of its levels.

You collected 225 gold pieces.

Inventory:

Hand Weapons
 a - a +0 long sword (weapon)
Armour
 b - a +0 scale mail (worn)
 c - a +0 buckler (worn)
Jewellery
 h - a ring of ice
Scrolls
 i - a scroll of magic mapping {unknown}
 m - a scroll of teleportation {unknown}
 o - a scroll of butterflies {unknown}
Potions
 d - 2 potions of might
 e - a potion of curing
 f - a potion of magic
 g - a potion of mutation
 j - 2 potions of brilliance
 l - a potion of berserk rage {unknown}


   Skills:
 + Level 4.7 Fighting
 + Level 3.9 Long Blades
 + Level 5.1 Armour
 + Level 1.2 Dodging
 + Level 4.4 Shields


You had 4 spell levels left.
You didn't know any spells.
Your spell library contained the following spells:

 Spells                   Type           Power      Damage    Failure   Level
 Slow                     Hex            0%         N/A       87%         1
 Scorch                   Fire           0%         2d5       95%         2
 Inner Flame              Hex/Fire       0%         N/A       99%         3
 Cause Fear               Hex            0%         N/A       100%        4
 Flame Wave               Conj/Fire      0%         2d4       100%        4
 Summon Cactus Giant      Summ           0%         N/A       100%        6
 Discord                  Hex            0%         N/A       100%        8


Dungeon Overview and Level Annotations

Branches:
Dungeon (4/15)
 Temple: D:4-7

Altars:
Gozag

Annotations:
D:4 Grinder


Innate Abilities, Weirdness & Mutations

You have a pair of horns on your head.
You reflexively headbutt those who attack you in melee.


Message History

* * * LOW HITPOINT WARNING * * *
You writhe in agony.
* * * LOW HITPOINT WARNING * * *
You barely miss Grinder.
Grinder is severely wounded.
Grinder barely misses you.
Unknown command.
You feel better. Grinder hits you but does no damage.
You feel better. Grinder gestures at you.
You suddenly lose the ability to move!
Grinder hits you.
You writhe in agony.
* * * LOW HITPOINT WARNING * * *
Grinder barely misses you. Grinder hits you.
* * * LOW HITPOINT WARNING * * *
You can move again.
You hit Grinder. Your headbutt misses Grinder.
Grinder is severely wounded.
Grinder blinks!
Grinder says, "What is the universe for?"
Unknown command.
You feel better. Grinder hits you but does no damage.
You closely miss Grinder. Your headbutt misses Grinder.
Grinder is severely wounded.
Grinder gestures at you.
You suddenly lose the ability to move!
Grinder hits you but does no damage. x2
You hear the slow rusting of a distant drain.
Grinder gestures at you.
You shrug off the repeated paralysis!
Grinder gestures at you. Pain shoots through your body!
* * * LOW HITPOINT WARNING * * *
You can move again.
You hit Grinder.
Grinder is almost dead.
Grinder gestures at you. Pain shoots through your body!
You die...

#. .. ##. .. ## .## #
##.###.# .#.#
###.#..###########....##
'..)...........5@.......
##.#...###########....##
##.#.....# .#.#
#.###.#.# .. #.. ..#.#
## ### ### #


You could see Grinder.

Vanquished Creatures
  An iguana (D:4)
  An orc wizard (D:3)
  5 adders
  3 worms
  3 dart slugs
  4 orcs
  3 bats
  5 endoplasms
  2 giant cockroaches (D:2)
  8 goblins
  6 hobgoblins
  7 jackals
  2 quokkas (D:1)
  8 ball pythons
  6 frilled lizards
  5 kobolds
  6 rats
75 creatures vanquished.

Notes
Turn   | Place    | Note
-------+----------+-------------------------------------------
     0 | D:1      | Peloso the Minotaur Fighter began the quest for the Orb.
     0 | D:1      | Reached XP level 1. HP: 19/19 MP: 0/0
     1 | D:1      | Noticed an electric eel
   162 | D:1      | Reached XP level 2. HP: 22/27 MP: 1/1
   342 | D:1      | Reached skill level 4 in Armour
   455 | D:1      | Reached XP level 3. HP: 30/33 MP: 2/2
  1155 | D:2      | Found an opulent altar of Gozag.
  1391 | D:2      | Reached skill level 1 in Dodging
  1537 | D:2      | Reached XP level 4. HP: 22/41 MP: 3/3
  1771 | D:2      | Found a faded altar of an unknown god.
  1779 | D:2      | Got Plato's Cyclopedia of Charms
  2583 | D:3      | Reached XP level 5. HP: 41/47 MP: 4/4
  3195 | D:4      | Reached skill level 5 in Armour
  3301 | D:4      | Noticed Grinder
  3314 | D:4      | Paralysed by Grinder for 4 turns
  3319 | D:4      | HP: 1/47 [Grinder (5)]
  3322 | D:4      | Paralysed by Grinder for 4 turns
  3328 | D:4      | Paralysed by Grinder for 5 turns
  3333 | D:4      | Killed from afar by Grinder

Illustrated notes

Levels and vault maps discovered:
D:1:      arrival_aquarium_a, layout_loops_ring, st_stairs_11
D:2:      layout_loops_ring, shapermc_ecumenical_altar_rom_forum, basic_altar
D:3:      layout_loops_ring, kennysheep_generic_room_15
D:4:      layout_loops_corners, gup_sewer_entry_bubbles, serial_shops, shop,
          st_stairs_10, uniq_grinder

Skill      XL: |  1  2  3  4  5 |
---------------+----------------+-----
Shields        | 4 |  4.4
Armour         | 4 5 |  5.1
Long Blades    | 3 |  3.9
Fighting       | 4 |  4.7
Dodging        | 1 |  1.2

Action                   |  1- 3 |  4- 6 || total
-------------------------+-------+-------++-------
Melee: Long sword        |   108 |    90 ||   198
       Headbutt          |    10 |    16 ||    26
  Use: Scroll            |     2 |     5 ||     7
       Potion            |     2 |     3 ||     5
Armor: Scale mail        |    48 |    37 ||    85
Dodge: Dodged            |    49 |    36 ||    85
Block: Buckler           |    19 |    16 ||    35
